 Dungeon Crawl Stone Soup version 0.28-a0-664-gc179e30c89 (webtiles) character file.

Game seed: 786451587739841128

113622 KristoblXynda the Unseen (level 17, -3/113 HPs)
             Began as a Kobold Gladiator on Oct 16, 2021.
             Was an Elder of Ashenzari.
             Slain by a stone giant (32 damage)
             ... on level 2 of the Depths.
             The game lasted 00:41:36 (31827 turns).

KristoblXynda the Unseen (Kobold Gladiator)        Turns: 31827, Time: 00:41:36

Health: -3/113     AC: 15    Str: 17    XL:     17   Next: 18%
Magic:  23/23      EV: 24    Int: 12    God:    Ashenzari [****..]
Gold:   941        SH: 14    Dex: 20    Spells: 18/24 levels left

rFire   + . .      SeeInvis +   a - +8 rapier (vorpal)
rCold   + + .      Faith    .   m - +2 buckler of the Manifest Moon {Elem, Cun} (curse)
rNeg    + + .      Spirit   .   q - +1 scale mail "Anxiety of Ashenzari" {rF+, Comp, Alch} (curse)
rPois   .          Reflect  +   j - +2 helmet
rElec   .          Harm     .   o - scarf "Shackled Seeker" {repulsion, Bglg, Range} (curse)
rCorr   .          Rampage  .   R - +2 pair of gloves "Mistrust of Ashenzari" {rN+, Alch, Bglg} (curse)
Will    +....      Clarity  +   s - +0 pair of boots of Curses and Power {Bglg, Comp} (curse) Stlth **++++++++
                                O - amulet of reflection
HPRegen 0.28/turn               F - ring of Shadows {Umbra +Inv Stlth+}
MPRegen 0.18/turn               D - ring of the Shackled Sage {rC++ rN+ Str+2 Dex+3, Self, Comp} (curse)

@: wreathed by umbra, studying Throwing, repel missiles
A: small, no large weapons, nightstalker 3
a: Renounce Religion, Evoke Invisibility, Shatter the Chains


You were on level 2 of the Depths.
You worshipped Ashenzari.
Ashenzari was greatly pleased with you.
You visited 4 branches of the dungeon, and saw 24 of its levels.

You collected 2103 gold pieces.
You spent 1162 gold pieces at shops.

Inventory:

Hand Weapons
 a - a +8 vorpal rapier (weapon)
Missiles
 d - 2 throwing nets (quivered)
Armour
 j - a +2 helmet (worn)
 m - the cursed +2 buckler of the Manifest Moon (worn) {Elem, Cun}
   (You found it on level 2 of the Dungeon)

   It has a curse which improves the following skills: Elements: Fire Magic, Ice
   Magic, Air Magic and Earth Magic.
   Cunning:   Dodging and Stealth.
 o - the cursed scarf "Shackled Seeker" (worn) {repulsion, Bglg, Range}
   (You found it on level 13 of the Dungeon)

   It has a curse which improves the following skills: Beguiling: Conjurations,
   Hexes and Translocations.
   Ranged Combat: Slings, Bows, Crossbows and Throwing.
 q - the cursed +1 scale mail "Anxiety of Ashenzari" (worn) {rF+, Comp, Alch}
   (You found it on level 4 of the Lair of Beasts)

   It has a curse which improves the following skills: Companions: Summonings
   and Necromancy.
   Alchemy:   Poison Magic and Transmutations.
 s - the cursed +0 pair of boots of Curses and Power (worn) {Bglg, Comp}
   (You found it on level 3 of the Dungeon)

   It has a curse which improves the following skills: Beguiling: Conjurations,
   Hexes and Translocations.
   Companions: Summonings and Necromancy.
 R - the cursed +2 pair of gloves "Mistrust of Ashenzari" (worn) {rN+, Alch, Bglg}
   (You found it on level 14 of the Dungeon)

   rN:        It protects you from negative energy.
   It has a curse which improves the following skills: Alchemy: Poison Magic and
   Transmutations.
   Beguiling: Conjurations, Hexes and Translocations.
Jewellery
 n - the ring of Ladumn {Will+ Str+6}
   (You found it on level 2 of the Depths)

   [ring of willpower]

   Str:       It affects your strength (+6).
   Will:      It increases your willpower.
 B - the ring "Dazimun" {Wiz Dex+4}
   (You found it on level 2 of the Depths)

   [ring of wizardry]

   It improves your spell success rate.
   Dex:       It affects your dexterity (+4).
 D - the cursed ring of the Shackled Sage (right hand) {rC++ rN+ Str+2 Dex+3, Self, Comp}
   (You found it on level 12 of the Dungeon)

   [ring of positive energy]

   Str:       It affects your strength (+2).
   Dex:       It affects your dexterity (+3).
   rC:        It greatly protects you from cold.
   rN:        It protects you from negative energy.
   It has a curse which improves the following skills: Introspection: Fighting
   and Spellcasting.
   Companions: Summonings and Necromancy.
 F - the ring of Shadows (left hand) {Umbra +Inv Stlth+}
   (You bought it in a shop on level 13 of the Dungeon)

   [ring of stealth]

   It surrounds you with an aura of shadow, increasing your stealth and reducing
   the accuracy of all within it (including the wearer).
   +Inv:      It lets you turn invisible.
   Stlth:     It makes you more stealthy.
 O - an amulet of reflection (around neck)
Wands
 e - a wand of digging (7)
 k - a wand of mindburst (23)
 l - a wand of iceblast (4)
 A - a wand of paralysis (6)
Scrolls
 b - 3 scrolls of immolation
 f - 7 scrolls of teleportation
 r - 2 scrolls of magic mapping
 u - a scroll of enchant armour
 v - 5 scrolls of fog
 x - 5 scrolls of blinking
 y - 7 scrolls of amnesia
 E - 2 scrolls of summoning
 I - 2 scrolls of fear
Potions
 c - 2 potions of mutation
 g - a potion of magic
 h - 2 potions of cancellation
 i - 8 potions of curing
 p - 6 potions of resistance
 t - 3 potions of haste
 z - 2 potions of ambrosia
 G - 5 potions of flight
 J - a potion of heal wounds
 P - a potion of brilliance
Miscellaneous
 w - a phial of floods
 M - a lightning rod (4/4)
 N - a box of beasts


   Skills:
 + Level 13.3(15.5) Fighting
 - Level 18.1 Short Blades
 + Level 3.5(5.6) Throwing
 + Level 4.1 Armour
 + Level 16.8(19.0) Dodging
 - Level 18.4(20.4) Stealth
 - Level 6.0 Shields
 + Level 2.2(4.0) Spellcasting
 + Level 10.3(13.8) Transmutations
 - Level 10.8 Evocations


You had 18 spell levels left.
You knew the following spells:

 Your Spells              Type           Power      Damage    Failure   Level
a - Eringya's Noxious Bo  Tmut/Pois      9%         N/A       99%         6

Your spell library contained the following spells:

 Spells                   Type           Power      Damage    Failure   Level
 Sting                    Tmut/Pois      76%        1d6       3%          1
 Ice Form                 Ice/Tmut       19%        N/A       36%         4
 Animate Skeleton         Necr           8%         N/A       47%         1
 Apportation              Tloc           8%         N/A       47%         1
 Summon Small Mammal      Summ           16%        N/A       47%         1
 Foxfire                  Conj/Fire      12%        2x1d4     50%         1
 Corpse Rot               Necr/Air       N/A        N/A       65%         2
 Poisonous Vapours        Pois/Air       6%         N/A       65%         2
 Static Discharge         Conj/Air       3%         N/A       65%         2
 Irradiate                Conj/Tmut      9%         3d16      69%         5
 Alistair's Intoxication  Tmut/Pois      12%        N/A       71%         5
 Conjure Flame            Conj/Fire      3%         6-21      86%         3
 Inner Flame              Hex/Fire       3%         N/A       86%         3
 Dispel Undead            Necr           4%         3d7       99%         4
 Flame Wave               Conj/Fire      3%         3d3       99%         4
 Hailstorm                Conj/Ice       3%         3d3       99%         4
 Olgreb's Toxic Radiance  Pois           3%         N/A       99%         4
 Passage of Golubria      Tloc           N/A        N/A       99%         4
 Freezing Cloud           Conj/Ice/Air   1%         6-21      100%        5
 Lightning Bolt           Conj/Air       1%         1d12      100%        5
 Silence                  Hex/Air        1%         N/A       100%        5
 Summon Forest            Summ/Tloc      2%         N/A       100%        5
 Death Channel            Necr           2%         N/A       100%        6
 Simulacrum               Ice/Necr       1%         N/A       100%        6
 Spellforged Servitor     Conj/Summ      2%         N/A       100%        7
 Summon Hydra             Summ           2%         N/A       100%        7
 Lehudib's Crystal Spear  Conj/Erth      1%         10d2      100%        8
 Maxwell's Capacitive Co  Air            1%         ∞         100%        8
 Polar Vortex             Ice            1%         N/A       100%        9


Dungeon Overview and Level Annotations

Branches:
Dungeon (15/15)            Temple (1/1) D:6            Lair (6/6) D:9
  Swamp (0/4) Lair:2        Snake (0/4) Lair:3        Slime (0/5) Lair:6
    Orc (0/2) D:11         Vaults (0/5) D:13         Depths (2/4) D:15

Altars:
Ashenzari
Cheibriados
Dithmenos
Elyvilon
Fedhas
Gozag
Hepliaklqana
Kikubaaqudgha
Makhleb
Nemelex Xobeh
Okawaru
Qazlal
Ru
Sif Muna
Trog
Uskayaw
Vehumet
Wu Jian
Xom
Yredelemnul
Zin
The Shining One

Shops:
D:12 :   D:13 =*!!

Portals:
Hell: Depths:1
Pandemonium: Depths:2


Innate Abilities, Weirdness & Mutations

You are small and have problems with some larger weapons.
You are completely attuned to the shadows.


Message History

The ice dragon is heavily wounded.
The stone giant hits you!! The ice dragon breathes frost at you.
The blast of cold hits you. You resist.
You puncture the ice dragon!
The ice dragon is heavily wounded.
You hit the ice dragon.
The ice dragon is severely wounded.
You block the ice dragon's attack. x2; The ice dragon tramples you.
You hold your ground!
The stone giant misses you.
You puncture the ice dragon!
The ice dragon is severely wounded.
You puncture the ice dragon!
The ice dragon is almost dead.
You block the ice dragon's attack. x2; The ice dragon completely misses you.
You block the stone giant's attack.
You hit the ice dragon but do no damage.
The ice dragon is almost dead.
You hit the ice dragon but do no damage.
The ice dragon is almost dead.
The stone giant misses you. The ice dragon breathes frost at you.
The blast of cold hits you but does no damage.
You resist.
You barely miss the ice dragon.
The ice dragon is almost dead.
You closely miss the ice dragon.
The ice dragon is almost dead.
The stone giant hits you!! The ice dragon completely misses you.
The ice dragon claws you!
* * * LOW HITPOINT WARNING * * *
You block the ice dragon's attack.
You hit the ice dragon.
The ice dragon is almost dead.
Unknown command.
You closely miss the ice dragon.
The ice dragon is almost dead.
You block the ice dragon's attack. The ice dragon misses you.
The ice dragon barely misses you. The stone giant hits you!!
You die...

, ,* ,,,
,,,....#.....#### ,
,,, ,
,.#.......##### ,,
, ,...........#####
**, , {
....#.......'.## *
, ,
,............#..##
**
...#.....#'##...# ,
,, ,
........##...>.[# ,
**
*#+###+######[..<##
* ...).C@######.[##
* * .....D.##
####### *#.?=(.###
###### ########


You could see an ice dragon (catching breath) and a stone giant.

Vanquished Creatures
  Sojobo (Depths:2)
  A tentacled monstrosity (Depths:2)
  A lich (Depths:1)
  A shadow dragon (Depths:2)
  Kirke (Lair:5)
  5 tengu reavers
  2 fire giants
  2 frost giants (Depths:2)
  Louise (D:15)
  A balrug (Depths:1)
  3 stone giants
  5 very ugly things
  A vampire knight (Depths:1)
  Nessos (Lair:6)
  2 ettins (Depths:1)
  2 fire dragons
  4 vault guards
  2 boulder beetles (D:15)
  3 rakshasas
  4 great orbs of eyes
  4 hydras
  2 ice dragons
  4 catoblepae
  4 centaur warriors
  A death knight (D:13)
  2 two-headed ogres
  12 death yaks
  A deep troll shaman (Depths:2)
  A deep troll earth mage (Depths:2)
  A tengu warrior (D:14)
  2 vampire magi (Depths:2)
  A sun demon (Depths:1)
  A spriggan berserker (Depths:1)
  2 iron trolls
  A skeletal warrior (D:13)
  2 deep trolls (Depths:2)
  A tengu zombie (Depths:1)
  A phantasmal warrior (D:12)
  An orc knight (D:15)
  4 wizards
  2 necromancers
  A deep elf zephyrmancer (D:15)
  A wolf spider (D:13)
  4 manticores
  20 ugly things
  2 cyclopes
  A fire giant skeleton (Depths:1)
  15 elephants
  2 naga magi (D:15)
  A smoke demon (Depths:1)
  4 centaur zombies
  A torpor snail (Lair:2)
  2 stone giant skeletons (Depths:1)
  2 black mambas
  6 cane toads
  2 efreet (D:13)
  A gargoyle (D:12)
  2 yaktaurs (shapeshifter)
  2 rime drakes
  8 komodo dragons
  2 freezing wraiths
  3 unseen horrors
  A redback zombie (D:15)
  5 trolls
  3 hornets
  4 dream sheep (Lair:2)
  A raiju (shapeshifter) (D:13)
  4 blink frogs (Lair:4)
  3 slime creatures (D:13)
  3 shadows
  2 centaur simulacra (D:15)
  4 water elementals (D:14)
  4 wyverns
  2 hogs (Lair:5)
  5 wraiths
  45 yaks
  7 basilisks
  2 vampire mosquitoes (D:10)
  A human (shapeshifter) (D:13)
  6 nagas (Lair:3)
  2 acid dragons
  16 water moccasins
  A floating eye (Depths:2)
  2 ice beasts
  8 orc warriors
  A sky beast (D:6)
  2 black bears
  13 wolves
  3 boggarts (D:15)
  2 ogres
  8 centaurs
  A phantom (D:5)
  A kobold brigand (D:10)
  12 bullfrogs
  A gnoll sergeant (D:11)
  2 scorpions (D:5)
  6 killer bees (D:7)
  3 wights (D:9)
  4 electric eels
  2 vampire bats (Lair:4)
  8 howler monkeys
  2 gnoll shamans
  3 hounds
  14 jellies
  8 orc priests
  2 centaur skeletons
  7 iguanas
  10 orc wizards
  A hound zombie (D:5)
  8 adders
  12 gnolls
  A howler monkey skeleton (D:4)
  A shadow imp (D:8)
  An adder skeleton (D:4)
  2 worms
  2 dart slugs
  36 orcs
  7 endoplasms
  2 giant cockroaches
  4 goblins
  5 hobgoblins
  11 jackals
  14 kobolds
  2 quokkas
  10 ball pythons
  18 bats
  3 frilled lizards
  6 rats
567 creatures vanquished.

Vanquished Creatures (others)
  2 humans (Lair:5)
  A water moccasin (Lair:5)
  25 fungi
  17 plants
45 creatures vanquished.

Grand Total: 612 creatures vanquished

Notes
Turn   | Place    | Note
-------+----------+-------------------------------------------
     0 | D:1      | KristoblXynda the Kobold Gladiator began the quest for the
                  | Orb.
     0 | D:1      | Reached XP level 1. HP: 12/12 MP: 1/1
    40 | D:1      | Reached skill level 1 in Stealth
    40 | D:1      | Reached XP level 2. HP: 18/18 MP: 2/2
   249 | D:1      | Reached XP level 3. HP: 13/22 MP: 3/3
  1090 | D:1      | Found a faded altar of an unknown god.
  1602 | D:2      | Reached XP level 4. HP: 27/27 MP: 4/4
  2885 | D:3      | Reached XP level 5. HP: 32/32 MP: 5/5
  3046 | D:3      | Reached skill level 5 in Short Blades
  3526 | D:4      | Found a faded altar of an unknown god.
  3533 | D:4      | Found a white marble altar of Elyvilon.
  3533 | D:4      | Found a faded altar of an unknown god.
  3534 | D:4      | Found an ornate altar of the Wu Jian Council.
  3539 | D:4      | Found a snail-covered altar of Cheibriados.
  3562 | D:4      | Found a radiant altar of Vehumet.
  3635 | D:4      | Reached XP level 6. HP: 37/37 MP: 6/6
  3789 | D:4      | Found a sparkling altar of Nemelex Xobeh.
  3807 | D:4      | Reached skill level 5 in Dodging
  3813 | D:4      | Found a broken altar of Ashenzari.
  3819 | D:4      | Became a worshipper of Ashenzari the Shackled
  3819 | D:4      | Identified a scroll of acquirement
  3825 | D:4      | Acquired a manual of Stealth
  4468 | D:5      | Entered Level 5 of the Dungeon
  4468 | D:5      | Found an opulent altar of Gozag.
  4472 | D:5      | Found an opulent altar of Gozag.
  4491 | D:5      | Noticed a water moccasin
  4513 | D:5      | Killed a water moccasin
  4514 | D:5      | Reached skill level 5 in Stealth
  4514 | D:5      | Reached XP level 7. HP: 44/44 MP: 7/7
  4738 | D:5      | Found an opulent altar of Gozag.
  4770 | D:5      | Reached XP level 8. HP: 47/50 MP: 8/8
  4835 | D:5      | Found an opulent altar of Gozag.
  4914 | D:5      | Reached skill level 5 in Fighting
  5061 | D:6      | Found a staircase to the Ecumenical Temple.
  5119 | Temple   | Entered the Ecumenical Temple
  6101 | D:6      | Reached * piety under Ashenzari
  6940 | D:7      | Reached XP level 9. HP: 35/57 MP: 9/9
  6955 | D:7      | Reached skill level 10 in Stealth
  8087 | D:8      | Learned a level 6 spell: Eringya's Noxious Bog
  8143 | D:8      | Noticed a two-headed ogre
  8239 | D:8      | Found a basalt altar of Yredelemnul.
  8575 | D:8      | Found an ancient bone altar of Kikubaaqudgha.
  8704 | D:9      | Reached XP level 10. HP: 61/65 MP: 10/10
  9122 | D:9      | Reached skill level 1 in Shields
  9283 | D:9      | Noticed a two-headed ogre
  9289 | D:9      | Reached skill level 10 in Short Blades
  9310 | D:9      | Killed a two-headed ogre
  9539 | D:9      | Found a staircase to the Lair.
  9701 | D:9      | Found a burning altar of Makhleb.
 10171 | D:9      | Found a hazy altar of Hepliaklqana.
 10587 | D:10     | Entered Level 10 of the Dungeon
 10628 | D:10     | Reached XP level 11. HP: 49/71 MP: 11/11
 10880 | D:10     | Reached skill level 10 in Dodging
 11007 | D:10     | Reached ** piety under Ashenzari
 11251 | D:10     | Noticed a two-headed ogre
 11259 | D:10     | Killed a two-headed ogre
 11260 | D:10     | Reached skill level 15 in Stealth
 12052 | D:11     | Identified the +9 flail "Sainla" {venom, rC+ Str-5 Dex+7}
 12138 | D:11     | Noticed a cyclops
 12142 | D:11     | Killed a cyclops
 12552 | D:11     | Found a staircase to the Orcish Mines.
 13202 | D:11     | Reached XP level 12. HP: 54/80 MP: 12/12
 13840 | D:12     | Reached skill level 10 in Fighting
 13861 | D:12     | Identified the ring "Jangoi" {rC++ rN+ Str+2 Dex+3}
 14067 | D:12     | Found Guheom's Book Shoppe.
 14104 | D:12     | Reached skill level 5 in Shields
 14691 | D:13     | Noticed a centaur warrior
 14696 | D:13     | Killed a centaur warrior
 14734 | D:13     | Noticed a rakshasa
 14738 | D:13     | Killed a rakshasa
 14854 | D:13     | Noticed a skeletal warrior
 14863 | D:13     | Noticed a death knight
 14863 | D:13     | Noticed a skeletal warrior
 14864 | D:13     | Found Kaubb's Distillery.
 14867 | D:13     | Found the +2 Maxwell's thermic engine {flame, freeze}
 15476 | D:13     | Noticed a vault guard
 15476 | D:13     | Found a gate to the Vaults.
 15484 | D:13     | Killed a vault guard
 16196 | D:13     | Killed a skeletal warrior
 16216 | D:13     | Noticed a centaur warrior
 16217 | D:13     | Noticed a fire dragon
 16388 | D:13     | Found Jaestra's Jewellery Shop.
 16392 | D:13     | Reached skill level 1 in Evocations
 16392 | D:13     | Reached XP level 13. HP: 88/88 MP: 13/13
 16396 | D:13     | Bought the ring of Shadows {Umbra +Inv Stlth+} for 600 gold
                  | pieces
 16396 | D:13     | Found the ring of Shadows {Umbra +Inv Stlth+}
 16396 | D:13     | Bought an amulet of reflection for 450 gold pieces
 16555 | D:13     | Bought a potion of heal wounds for 70 gold pieces
 16555 | D:13     | Bought a potion of curing for 42 gold pieces
 16864 | D:13     | Found Geohyrhu's Assorted Antiques.
 17169 | D:13     | Killed a fire dragon
 17170 | D:13     | Reached skill level 1 in Transmutations
 17647 | D:13     | Killed a centaur warrior
 17678 | D:13     | Found Vygal's Distillery.
 17752 | D:14     | Identified the +2 pair of gloves "Jaiwarom" {rN+}
 17815 | D:14     | Reached *** piety under Ashenzari
 18551 | D:14     | Reached skill level 5 in Evocations
 18559 | D:14     | Noticed an eight-headed hydra
 18746 | D:14     | Found a sacrificial altar of Ru.
 18966 | D:14     | Found a broken altar of Ashenzari.
 19270 | D:14     | Killed an eight-headed hydra
 19443 | D:15     | Entered Level 15 of the Dungeon
 19463 | D:15     | Noticed a centaur warrior
 19467 | D:15     | Killed a centaur warrior
 19484 | D:15     | Noticed Louise
 19488 | D:15     | Killed Louise
 19732 | D:15     | Noticed a centaur warrior
 19737 | D:15     | Killed a centaur warrior
 19864 | D:15     | Noticed a boulder beetle
 19871 | D:15     | Noticed a fire dragon
 19878 | D:15     | Killed a boulder beetle
 20300 | D:15     | Noticed a boulder beetle
 20317 | D:15     | Killed a boulder beetle
 20318 | D:15     | Reached skill level 5 in Transmutations
 20318 | D:15     | Reached XP level 14. HP: 41/95 MP: 14/14
 20681 | D:15     | Found a blossoming altar of Fedhas.
 20833 | D:15     | Found a staircase to the Depths.
 21149 | Lair:1   | Entered Level 1 of the Lair of Beasts
 21363 | Lair:1   | Reached skill level 15 in Short Blades
 21706 | Lair:2   | Identified the +7 war axe of the Sky {antimagic, rPois}
 21879 | Lair:2   | Found a staircase to the Swamp.
 22455 | Lair:2   | Reached **** piety under Ashenzari
 22896 | Lair:3   | Found a staircase to the Snake Pit.
 24301 | Lair:5   | Noticed Kirke
 24310 | Lair:5   | Noticed a sphinx
 24338 | Lair:5   | Killed Kirke
 24338 | Lair:5   | Identified the cursed scarf "Shackled Seeker" {repulsion,
                  | Bglg, Range} (You found it on level 13 of the Dungeon)
 24338 | Lair:5   | Identified the cursed +0 pair of boots of Curses and Power
                  | {Bglg, Comp} (You found it on level 3 of the Dungeon)
 24338 | Lair:5   | Identified the cursed +2 buckler of the Manifest Moon
                  | {Elem, Cun} (You found it on level 2 of the Dungeon)
 24338 | Lair:5   | Identified the cursed +2 leather armour of Supernal
                  | Understanding {rPois, Range, Self} (You found it on level 3
                  | of the Dungeon)
 24339 | Lair:5   | Reached XP level 15. HP: 51/101 MP: 15/15
 24905 | Lair:5   | Reached skill level 15 in Dodging
 24924 | Lair:5   | HP: 4/101 [death yak (12)]
 25391 | Lair:5   | Identified the Incunabulum of Shifting Attacks
 25760 | Lair:6   | Entered Level 6 of the Lair of Beasts
 26103 | Lair:6   | Found a staircase to the Slime Pits.
 26258 | Lair:6   | Noticed Nessos
 26262 | Lair:6   | Killed Nessos
 26263 | Lair:6   | Reached skill level 10 in Evocations
 27551 | Depths:1 | Entered Level 1 of the Depths
 27771 | Depths:1 | Noticed a white very ugly thing
 27771 | Depths:1 | Noticed a white very ugly thing
 27772 | Depths:1 | Noticed a white very ugly thing
 27805 | Depths:1 | Killed a white very ugly thing
 27825 | Depths:1 | Killed a green very ugly thing
 27829 | Depths:1 | Killed a white very ugly thing
 27834 | Depths:1 | Reached XP level 16. HP: 22/105 MP: 16/16
 28173 | Depths:1 | Found a snail-covered altar of Cheibriados.
 28173 | Depths:1 | Noticed a lich
 28185 | Depths:1 | Killed a lich
 28571 | Depths:1 | Reached skill level 1 in Armour
 29459 | Depths:1 | Noticed a fire giant
 29462 | Depths:1 | Killed a fire giant
 29642 | Depths:1 | Found a gateway to Hell.
 30007 | Depths:1 | Noticed a tengu reaver
 30011 | Depths:1 | Killed a tengu reaver
 30091 | Depths:2 | Noticed a tentacled monstrosity
 30092 | Depths:2 | Noticed a tengu reaver
 30094 | Depths:2 | Killed a tentacled monstrosity
 30097 | Depths:2 | Killed a tengu reaver
 30127 | Depths:2 | Noticed a tengu reaver
 30128 | Depths:2 | Noticed Sojobo
 30128 | Depths:2 | Identified the ring of Ladumn {Will+ Str+6}
 30131 | Depths:2 | Noticed a tengu reaver
 30133 | Depths:2 | Killed Sojobo
 30145 | Depths:2 | Killed a tengu reaver
 30147 | Depths:2 | Killed a tengu reaver
 30729 | Depths:2 | Noticed a frost giant
 30732 | Depths:2 | Killed a frost giant
 30733 | Depths:2 | Reached skill level 10 in Transmutations
 30760 | Depths:2 | Noticed a shadow dragon
 30761 | Depths:2 | Noticed a tengu reaver
 30763 | Depths:2 | Killed a shadow dragon
 30765 | Depths:2 | Killed a tengu reaver
 30787 | Depths:2 | Identified the ring "Dazimun" {Wiz Dex+4}
 30798 | Depths:2 | Reached skill level 1 in Spellcasting
 30856 | Depths:1 | Reached XP level 17. HP: 14/113 MP: 21/21
 31748 | Depths:2 | Found a one-way gate leading to the halls of Pandemonium.
 31827 | Depths:2 | Slain by a stone giant

Illustrated notes

Levels and vault maps discovered:
D:1:      amcnicky_arrival_feature_with_door, layout_loops_ring,
          dreamdust_ecumenical_altar_hidden_monk_grotto,
          chequers_serial_rivers_small_3, minmay_misc_feat_enclosed
D:2:      layout_loops_ring, grunt_decor_fettered
D:3:      layout_basic
D:4:      layout_basic, chequers_temple_overflow_minitemple,
          amethyst_overflow_temple_binary, lemuel_crystal_altar,
          hangedman_decor_diamond_cutter
D:5:      layout_cave_pools, nicolae_gozag_conspicuous_consumption
D:6:      layout_basic, minmay_temple_entry_large_hall,
          chequers_serial_rivers_small_3
D:7:      layout_gridville, hangedman_decor_riveting
D:8:      layout_loops_ring, pf_just_have_faith, mainiacjoe_overflow_alcove_4
D:9:      layout_stronghold, bloody_makhleb, marbit_many_paths, lair_entry_dummy
D:10:     layout_cave_pods
D:11:     minmay_goldmine, layout_rooms, david_orc_1_choice
D:12:     layout_basic, serial_shops, shop
D:13:     minmay_dotted_concentric_squares, layout_rooms, david_vaults_5,
          serial_curves, eino_curves_01, eino_curves_04, eino_curves_02,
          serial_shops, nicolae_take_the_stairs, nicolae_shop_stone, shop, shop
D:14:     layout_basic, nicolae_ru_awakened_eye, evilmike_ruin_ashenzari
D:15:     grunt_enter_depths_magical_seal, layout_gridville, fedhas_altar_3,
          uniq_louise
Temple:   minmay_temple_curvy_loop
Lair:1:   layout_hall_layers, lemuel_fruit_fields
Lair:2:   beast_lair_carwin_large_1, layout_misc_corridors, swamp_mist_pool,
          serial_forest, infiniplex_forest_lined_2,
          infiniplex_forest_clump_small, infiniplex_forest_clump_small,
          infiniplex_forest_lined_1
Lair:3:   layout_gridlike, minmay_snake_entry_guardpost_large, minivault_11
Lair:4:   layout_small_grid, roderic_batcave, grunt_megastairs_5
Lair:5:   layout_layer_cave, lemuel_fruit_tree, uniq_kirke
Lair:6:   evilmike_catoblepas_cave, layout_misc_corridors,
          minmay_slime_entry_jelly_boxes, uniq_nessos
Depths:1: layout_honeycomb, lightli_too_deep, minmay_fountain_box,
          cheibriados_altar_1, hangedman_decor_cross_pass
Depths:2: hangedman_spin_cycle, abyss_entry, pan_entry, hell_entry,
          uniq_enchantress

Skill      XL: |  1  2  3  4  5  6  7  8  9 10 11 12 13 14 15 16 17 |
---------------+----------------------------------------------------+-----
Stealth        | 1 2 3 5 7 9 12 14 16 18 | 18.4
Dodging        | 4 5 6 7 8 9 11 12 13 14 15 16 | 16.8
Fighting       | 3 4 6 7 8 9 10 12 13 | 13.3
Short Blades   | 5 6 7 9 10 11 13 14 16 17 18 | 18.1
Shields        | 2 4 5 6 |  6.0
Evocations     | 1 6 9 10 | 10.8
Transmutations | 5 7 8 10 | 10.3
Armour         | 3 4 |  4.1
Spellcasting   | 1 2 |  2.2
Throwing       | 3 |  3.5

Action                   |  1- 3 |  4- 6 |  7- 9 | 10-12 | 13-15 | 16-18 || total
-------------------------+-------+-------+-------+-------+-------+-------++-------
Melee: Rapier            |   104 |   220 |   304 |   678 |  1062 |   324 ||  2692
       Unarmed           |       |       |       |       |     1 |       ||     1
Throw: Throwing net      |       |     2 |       |     2 |     7 |     6 ||    17
Invok: Curse Item        |       |       |     2 |     2 |     2 |     1 ||     7
       Shatter the Chain |       |       |       |       |     1 |       ||     1
Evoke: Wand              |       |       |       |    12 |     8 |     5 ||    25
       Box of beasts     |       |       |       |     1 |       |       ||     1
  Use: Scroll            |       |     2 |       |     6 |     5 |     3 ||    16
       Potion            |       |     1 |     2 |     2 |     6 |       ||    11
 Stab: Sleeping          |    15 |    24 |    27 |    38 |   111 |    30 ||   245
       Distracted        |       |       |     1 |     3 |     9 |       ||    13
       Paralysed         |       |       |       |     2 |     4 |       ||     6
       Held in net/web   |       |       |       |     4 |     2 |     6 ||    12
Armor: Leather armour    |    19 |    43 |   110 |    86 |    64 |       ||   322
       Robe              |     5 |    12 |       |       |       |       ||    17
       Skin              |       |    15 |       |       |       |       ||    15
       Scale mail        |       |       |       |       |     2 |    29 ||    31
Dodge: Dodged            |    79 |   134 |   253 |   373 |   460 |   116 ||  1415
       Repelled          |       |       |       |     1 |     2 |     2 ||     5
Block: Buckler           |       |       |       |   139 |   409 |   137 ||   685
       Reflection        |       |       |       |       |     1 |     1 ||     2

Table legend: (Time is in decaauts)
 A = Elapsed time spent in this place.
 B = Non-inter-level travel time spent in this place.
 C = Inter-level travel time spent in this place.
 D = Time resting spent in this place.
 E = Time spent auto-exploring this place.
 F = Levels seen in this place.
 G = Mean time per level.
                   A        B        C        D        E       F      G
               +--------+--------+--------+--------+--------+-----+--------+
         Total |  30966 |  29842 |   1124 |   8375 |  16705 |  24 | 1290.2 |
       Dungeon |  20481 |  19709 |    772 |   5374 |  11156 |  15 | 1365.4 |
        Temple |    374 |    342 |     32 |      0 |    338 |   1 |  374.0 |
          Lair |   6000 |   5686 |    314 |    696 |   4021 |   6 | 1000.0 |
        Depths |   4109 |   4103 |      6 |   2305 |   1189 |   2 | 2054.5 |
               +--------+--------+--------+--------+--------+-----+--------+

Top non-repeatable levels by time:
Depths:1: 2782 daAuts
    D:13: 2633 daAuts
     D:9: 1940 daAuts
     D:6: 1779 daAuts
    D:14: 1696 daAuts
    D:12: 1586 daAuts
  Lair:5: 1576 daAuts
    D:15: 1559 daAuts
    D:10: 1457 daAuts
  Lair:6: 1437 daAuts
    D:11: 1392 daAuts
     D:1: 1339 daAuts
Depths:2: 1326 daAuts
     D:2: 1216 daAuts
     D:4: 1151 daAuts
